 Dungeon Crawl Stone Soup version 0.32-a0-612-g1c984fe9d1 (webtiles) character file.

Game seed: 16293761320617150878

22 CougarLife the Cudgeller (level 2, 0/26 HPs)
             Began as a Gnoll Reaver on Mar 4, 2024.
             Succumbed to an adder's poison
             ... on level 2 of the Dungeon.
             The game lasted 00:00:28 (303 turns).

CougarLife the Cudgeller (Gnoll Reaver)              Turns: 303, Time: 00:00:29

Health: 0/26       AC:  3    Str: 11    XL:     2   Next: 91%
Magic:  7/7        EV: 12    Int: 12    God:
Gold:   11         SH:  0    Dex: 10    Spells: 9/10 levels left

rFire   . . .        a - +0 mace
rCold   . . .        (no shield)
rNeg    . . .        b - +0 leather armour
rPois   .            (no helmet)
rElec   .            (no cloak)
rCorr   .            (no gloves)
SInv    .            (no boots)
Will    .....        (no amulet)
Stlth   +            (no ring)
HPRegen 0.24/turn    (no ring)
MPRegen 0.10/turn

%: no passive effects
@: lethally poisoned (0 -> -5)
A: fangs 1, strong nose, distributed training
a: no special abilities


You were on level 2 of the Dungeon.
You visited 1 branch of the dungeon, and saw 2 of its levels.

You collected 11 gold pieces.

Inventory:

Hand Weapons
 a - a +0 mace (weapon)
Armour
 b - a +0 leather armour (worn)
Scrolls
 c - a scroll of revelation {unknown}


   Skills:
 + Level 4.5 Fighting
 + Level 0.5 Short Blades
 + Level 0.5 Long Blades
 + Level 0.5 Axes
 + Level 6.5 Maces & Flails
 + Level 0.5 Polearms
 + Level 0.5 Staves
 + Level 0.5 Ranged Weapons
 + Level 0.5 Throwing
 + Level 0.5 Armour
 + Level 4.5 Dodging
 + Level 0.5 Stealth
 + Level 0.5 Shields
 + Level 0.5 Unarmed Combat
 + Level 4.9 Spellcasting
 + Level 5.4 Conjurations
 + Level 0.4 Hexes
 + Level 0.4 Summonings
 + Level 0.4 Necromancy
 + Level 0.4 Translocations
 + Level 0.4 Fire Magic
 + Level 0.4 Ice Magic
 + Level 0.4 Air Magic
 + Level 0.4 Earth Magic
 + Level 0.4 Alchemy
 + Level 0.7 Invocations
 + Level 0.5 Evocations
 + Level 0.5 Shapeshifting


You had 9 spell levels left.
You knew the following spells:

 Your Spells              Type           Power      Damage    Failure   Level
a - Kiss of Death         Conj/Necr      36%        2d8       9%          1

Your spell library contained the following spells:

 Spells                   Type           Power      Damage    Failure   Level
 Momentum Strike          Conj/Tloc      18%        3d8       12%         2
 Hailstorm                Conj/Ice       9%         3d6       24%         3


Dungeon Overview and Level Annotations

Branches:
Dungeon (1/15)

Altars:


Innate Abilities, Weirdness & Mutations

You have very sharp teeth.
Your uncanny sense of smell can sniff out nearby items.
Your experience applies equally to all skills.


Message History

The goblin shouts!
The gnoll shouts!
You hear a shout!
The gnoll moves out of view.
You hit the rat.
You kill the rat!
Found a sling.
The goblin hits you with a +0 dagger.
You sock the goblin!
You kill the goblin!
An adder and a gnoll come into view.
The gnoll shouts!
You hear a loud squeak.
The gnoll closely misses you.
Things that are here:
16 gold pieces; a +0 dagger; a goblin corpse A gnoll comes into view.
It is wielding a +0 flail.
The gnoll shouts!
The gnoll barely misses you.
The gnoll hits you from afar with a +0 halberd!
Things that are here:
16 gold pieces; a +0 dagger; a goblin corpse The adder bites you.
You are poisoned.
The adder poisons you!
Unknown command.
You feel sick.
You feel sick. The adder attacks as it pursues you! The adder bites you.
You are more poisoned.
The adder poisons you!
You feel sick.
Found a whip.
You feel sick. The adder closely misses you.
You feel sick.
A dart slug comes into view.
Found 9 gold pieces.
You feel sick. The adder attacks as it pursues you!
The adder closely misses you. The adder bites you.
* * * LOW HITPOINT WARNING * * *
You are lethally poisoned!
The adder poisons you!
Found a scroll labelled IGEECIROCU and a robe.
* * * LOW HITPOINT WARNING * * *
You feel sick. The adder attacks as it pursues you! The adder bites you.
* * * LOW HITPOINT WARNING * * *
You die...

.# #. #...#... ..
#...#..
###.#.#.#...#.#.#.#..
)...#... #.# ...#.)# ##
.##.#.#.......#.#.# ...
$.#...##.###.##...# ....
..#.#...........#.#.....
..$.##.###.###.##.......
..#.....g.g.g.S.@.#
####.###.###.###.## ###
### ### ...$ ....w..
#......... #..?.[....
#......... #.........


You could see 2 gnolls, an adder and a dart slug (asleep).

Vanquished Creatures
  An adder (D:2)
  A dart slug (D:1)
  A bat (D:1)
  3 endoplasms (D:1)
  2 goblins
  A kobold (D:1)
  A rat (D:2)
10 creatures vanquished.

Notes
Turn   | Place    | Note
-------+----------+-------------------------------------------
     0 | D:1      | CougarLife the Gnoll Reaver began the quest for the Orb.
     0 | D:1      | Reached XP level 1. HP: 20/20 MP: 6/6
   156 | D:1      | Reached XP level 2. HP: 26/26 MP: 7/7
   235 | D:1      | You fall into a shaft and drop 1 floor!
   303 | D:2      | Succumbed to an adder's poison

Illustrated notes

Levels and vault maps discovered:
D:1:      lemuel_arrival_tunnels, layout_basic
D:2:      layout_basic, nicolae_concentric_dashed_squares_mild

Action                     || total
---------------------------++-------
  Melee: Mace              ||    29
   Stab: Sleeping          ||     1
 Armour: Leather armour    ||    21
  Dodge: Dodged            ||    26

Table legend: (Time is in decaauts)
 A = Elapsed time spent in this place.
 B = Non-inter-level travel time spent in this place.
 C = Inter-level travel time spent in this place.
 D = Time resting spent in this place.
 E = Time spent auto-exploring this place.
 F = Levels seen in this place.
 G = Mean time per level.
                   A        B        C        D        E       F      G
               +--------+--------+--------+--------+--------+-----+--------+
         Total |    304 |    304 |      0 |     33 |    191 |   2 |  152.0 |
       Dungeon |    304 |    304 |      0 |     33 |    191 |   2 |  152.0 |
               +--------+--------+--------+--------+--------+-----+--------+

Top non-repeatable levels by time:
     D:1: 236 daAuts
     D:2: 68 daAuts
